 Dungeon Crawl Stone Soup version 0.23-a0-577-g2b1de94 (console) character file.

12849 Duffy the Blocker (level 11, -9/150 HPs)
             Began as a Naga Fighter on Dec 14, 2018.
             Was an Initiate of Gozag.
             Mangled by Snorg (16 damage)
             ... on level 10 of the Dungeon.
             The game lasted 00:22:31 (11185 turns).

Duffy the Blocker (Naga Fighter)                   Turns: 11185, Time: 00:22:32

Health: -9/150     AC: 16    Str: 31    XL:     11   Next: 99%
Magic:  14/14      EV:  4    Int:  8    God:    Gozag
Gold:   1699       SH: 27    Dex: 10    Spells: 10/10 levels left

rFire    . . .     SeeInvis +   a - +1 war axe
rCold    . . .     Gourm    .   G - +8 large shield of Failure {*Slow rElec MR+ rCorr}
rNeg     . . .     Faith    .   B - +0 plate armour
rPois    +         Spirit   .   b - +0 helmet
rElec    +         Reflect  .   (no cloak)
rCorr    +         Harm     .   g - +2 pair of gloves {Str+3}
MR       ++...                  (no barding)
Stlth    ..........             (no amulet)
HPRegen  0.35/turn              (no ring)
MPRegen  0.14/turn              (no ring)

@: berserking, gold aura, quick
A: large, see invisible, deformed body, poison resistance, slowness 2, slow
metabolism 1, spit poison 1, AC +3
a: Spit Poison, Potion Petition, Call Merchant, Bribe Branch, Renounce Religion


You were on level 10 of the Dungeon.
You worshipped Gozag.
Gozag was most pleased with you.
You were not hungry.

You visited 2 branches of the dungeon, and saw 11 of its levels.
You also visited: Ossuary.

You collected 1917 gold pieces.
You spent 144 gold pieces at shops.
You paid 74 gold pieces to Gozag.

Inventory:

Hand Weapons
 a - a +1 war axe (weapon)
Armour
 b - a +0 helmet (worn)
 g - a +2 pair of gloves of strength (worn)
 B - a +0 plate armour (worn)
 G - the +8 large shield of Failure (worn) {*Slow rElec MR+ rCorr}
   (You found it on level 8 of the Dungeon)

   It insulates you from electricity.
   It affects your resistance to hostile enchantments.
   It provides partial protection from all sources of acid and corrosion.
   It may slow you when you take damage.
Wands
 i - a wand of digging (14)
 s - a wand of clouds (1)
 v - a wand of polymorph (5)
 D - a wand of flame (15)
Scrolls
 c - a scroll of torment {unknown}
 e - 3 scrolls of fear
 k - 6 scrolls of remove curse
 m - 3 scrolls of enchant weapon
 o - 4 scrolls of magic mapping
 q - 2 scrolls of fog {unknown}
 t - 4 scrolls of teleportation
 u - a scroll of random uselessness {unknown}
 x - 2 scrolls of immolation
 y - a scroll of summoning
 C - a scroll of enchant armour
 F - a scroll of holy word {unknown}
Potions
 d - 2 potions of might
 h - a potion of resistance {unknown}
 j - a potion of haste {unknown}
 l - 4 potions of cancellation
 n - 10 potions of curing
 r - 2 potions of flight
 w - 2 potions of heal wounds
 z - 2 potions of agility
 A - a potion of ambrosia
 E - 3 potions of lignification {unknown}
Comestibles
 f - 9 rations


   Skills:
 + Level 7.6 Fighting
 - Level 10.0 Axes
 + Level 6.3 Armour
 + Level 10.5 Shields
 - Level 4.0 Evocations


You had 10 spell levels left.
You didn't know any spells.
Your spell library was empty.

Dungeon Overview and Level Annotations

Branches:
Dungeon (10/15)            Temple (1/1) D:4            Lair (0/6) D:9
    Orc: D:9-12

Altars:
Ashenzari
Cheibriados
Dithmenos
Elyvilon
Fedhas
Gozag
Hepliaklqana
Kikubaaqudgha
Makhleb
Nemelex Xobeh
Okawaru
Qazlal
Ru
Sif Muna
Trog
Uskayaw
Vehumet
Wu Jian
Xom
Yredelemnul
Zin
The Shining One

Shops:
D:9 !   D:10 :

Annotations:
D:10 Snorg


Innate Abilities, Weirdness & Mutations

You cannot wear boots.
Your serpentine skin is tough. (AC +3)
You have supernaturally acute eyesight. (SInv)
Armour fits poorly on your strangely shaped body.
Your system is resistant to poisons. (rPois)
You cover ground very slowly.
You have a slow metabolism.
You can spit poison.


Message History

You block Snorg's attack. Snorg claws you! You block Snorg's attack.
You hit Snorg.
Snorg is moderately wounded.
You hit the unseen horror.
The unseen horror becomes distracted by the nearby gold, dreaming of imaginary You block Snorg's attack. x2; Snorg barely misses you.
You block the orc warrior's attack.
You hit Snorg.
Snorg is moderately wounded.
You hit the unseen horror.
The unseen horror is no longer distracted by gold.
You block the unseen horror's attack. You block Snorg's attack.
Snorg claws you. You block Snorg's attack. The orc warrior barely misses you.
You block Snorg's attack. Snorg claws you! You block Snorg's attack.
You slice Snorg!!
Snorg is heavily wounded.
You completely miss the unseen horror. You block the unseen horror's attack.
You block Snorg's attack. Snorg claws you!
You die...
Your body crumbles into a pile of gold.

#........##'###...#.
#####....##.###..##...#.
#........#...##.......#.
#........#[...#..#....#.
#........#....#..#...##
#........######..#...#
#........# #..#.....
#....x...# ...#......
#....$@$.# ######.....
#....$T$.# .....
#.....o..# #........#
#........# #........#
#........# #........#


You could see Snorg (berserk), an unseen horror (invisible) and an orc warrior.

Vanquished Creatures
  2 stone giants (D:9)
  Harold (D:7)
  A death yak (D:9)
  A two-headed ogre (D:9)
  Urug (D:10)
  An ugly thing (D:10)
  An elephant (D:9)
  Joseph (D:9)
  2 trolls (D:10)
  A hornet (D:8)
  Prince Ribbit (D:7)
  A slime creature (D:8)
  Eustachio (D:5)
  2 basilisks (D:9)
  A steam dragon (D:10)
  2 hungry ghosts
  2 soldier ants (D:8)
  Duvessa (D:7)
  A water moccasin (D:6)
  4 orc warriors
  4 ice beasts
  2 sky beasts
  A black bear (D:9)
  A necrophage (D:9)
  3 phantoms
  2 ogres
  A centaur (D:6)
  A crocodile (D:8)
  Blork the orc (D:4)
  A big kobold (D:8)
  7 bullfrogs
  Dowan (D:7)
  A wyvern zombie (D:10)
  A jelly (D:10)
  3 water moccasin zombies (Ossuary)
  6 scorpions
  5 killer bees (D:9)
  9 howler monkeys
  2 electric eels (D:7)
  A bullfrog zombie (D:8)
  2 hounds
  A centaur zombie (D:8)
  A gnoll shaman (D:10)
  2 centaur skeletons
  2 quasits
  5 orc priests
  A bullfrog skeleton (D:8)
  9 orc wizards
  4 iguanas
  5 worker ants
  3 big kobold zombies (Ossuary)
  2 hound skeletons
  2 mummies (Ossuary)
  15 gnolls
  A howler monkey skeleton (D:4)
  8 adders
  3 adder zombies (Ossuary)
  4 worms
  A dart slug (D:2)
  6 leopard geckos
  38 orcs
  7 bats
  6 giant cockroaches
  3 gnoll zombies (Ossuary)
  8 goblins
  9 hobgoblins
  12 jackals
  10 kobolds
  5 quokkas
  3 ball pythons
  7 frilled lizards
  3 hobgoblin zombies (Ossuary)
  6 kobold zombies (Ossuary)
  6 orc zombies (Ossuary)
  A quokka zombie (D:7)
  8 rats
290 creatures vanquished.

Vanquished Creatures (others)
  An adder (D:10)
1 creature vanquished.

Grand Total: 291 creatures vanquished

Notes
Turn   | Place    | Note
-------+----------+-------------------------------------------
     0 | D:1      | Duffy the Naga Fighter began the quest for the Orb.
     0 | D:1      | Reached XP level 1. HP: 21/21 MP: 1/1
   102 | D:1      | Reached XP level 2. HP: 12/28 MP: 2/2
   478 | D:1      | Reached XP level 3. HP: 28/34 MP: 3/3
  1257 | D:2      | Found a shimmering altar of Xom.
  1290 | D:2      | Reached XP level 4. HP: 41/42 MP: 4/4
  1605 | D:2      | Found a shimmering altar of Xom.
  1605 | D:2      | Found a white marble altar of Elyvilon.
  1605 | D:2      | Found a blossoming altar of Fedhas.
  1750 | D:3      | Reached XP level 5. HP: 39/49 MP: 5/5
  2281 | D:3      | Reached XP level 6. HP: 55/56 MP: 6/6
  2570 | D:4      | Reached skill level 5 in Axes
  2610 | D:4      | Reached XP level 7. HP: 55/62 MP: 7/7
  2668 | D:4      | Noticed Blork the orc
  2675 | D:4      | Killed Blork the orc
  2723 | D:4      | Reached skill level 5 in Shields
  2874 | D:4      | Found a staircase to the Ecumenical Temple.
  2945 | Temple   | Entered the Ecumenical Temple
  3067 | Temple   | Became a worshipper of Gozag Ym Sagoz the Greedy
  3583 | D:5      | Entered Level 5 of the Dungeon
  3594 | D:5      | Reached XP level 8. HP: 69/69 MP: 8/8
  3595 | D:5      | Found a shattered altar of Ashenzari.
  3615 | D:5      | Found a sand-covered staircase.
  3667 | Ossuary  | Entered an ossuary
  4939 | D:6      | Noticed Eustachio
  4980 | D:5      | Killed Eustachio
  5080 | D:6      | Reached XP level 9. HP: 67/75 MP: 9/9
  5215 | D:6      | Reached skill level 1 in Evocations
  5998 | D:7      | Noticed Prince Ribbit
  6003 | D:7      | Killed Prince Ribbit
  6073 | D:7      | Found a snail-covered altar of Cheibriados.
  6116 | D:7      | Found a transporter.
  6126 | D:7      | Found a transporter.
  6305 | D:7      | Noticed Duvessa
  6338 | D:7      | Killed Duvessa
  6357 | D:7      | Noticed Dowan
  6372 | D:7      | Killed Dowan
  6676 | D:7      | Found a shadowy altar of Dithmenos.
  7198 | D:8      | Found an ancient bone altar of Kikubaaqudgha.
  7199 | D:8      | Noticed Harold
  7562 | D:7      | Killed Harold
  7562 | D:7      | Reached XP level 10. HP: 54/84 MP: 13/13
  7731 | D:8      | Reached skill level 10 in Axes
  8038 | D:8      | Got a slimy large shield
  8049 | D:8      | Identified the +8 large shield of Failure {*Slow rElec MR+
                  | rCorr} (You found it on level 8 of the Dungeon)
  8132 | D:8      | Found a sacrificial altar of Ru.
  8490 | D:8      | Paralysed by a hornet for 3 turns
  8716 | D:9      | Noticed a tengu warrior
  8751 | D:8      | Paralysed by fainting for 6 turns
  8818 | D:9      | a tengu warrior changed into a slime creature
  9039 | D:9      | Found a large runed door.
  9040 | D:9      | Found a large runed door.
  9208 | D:9      | Noticed Joseph
  9232 | D:9      | Killed Joseph
  9478 | D:9      | Noticed an elephant
  9479 | D:9      | Found a staircase to the Lair.
  9479 | D:9      | Noticed a death yak
  9488 | D:9      | Noticed a two-headed ogre
  9500 | D:9      | Killed an elephant
  9500 | D:9      | Reached skill level 5 in Fighting
  9501 | D:9      | Reached XP level 11. HP: 67/94 MP: 14/14
  9503 | D:9      | Killed a two-headed ogre
  9505 | D:9      | Killed a death yak
  9723 | D:9      | Found Duup's Distillery.
  9726 | D:9      | Bought a potion of berserk rage for 80 gold pieces
  9726 | D:9      | Bought a potion of might for 64 gold pieces
  9780 | D:9      | Reached skill level 5 in Armour
  9998 | D:9      | Found a burning altar of Makhleb.
  9998 | D:9      | Noticed a stone giant
 10004 | D:9      | Noticed a stone giant
 10013 | D:9      | Killed a stone giant
 10013 | D:9      | Reached skill level 10 in Shields
 10016 | D:9      | Killed a stone giant
 10194 | D:9      | Found an iron altar of Okawaru.
 10233 | D:10     | Entered Level 10 of the Dungeon
 10406 | D:10     | Found Niupi's Book Emporium.
 10429 | D:10     | Noticed Urug
 10446 | D:10     | Killed Urug
 10811 | D:10     | Noticed a purple ugly thing
 10826 | D:10     | Killed a purple ugly thing
 11169 | D:10     | Noticed an unseen horror
 11171 | D:10     | Noticed Snorg
 11184 | D:10     | HP: 7/150 [Snorg (8)]
 11185 | D:10     | Mangled by Snorg

Vault maps used:
D:1:      zaba_arrival_water
D:2:      chequers_temple_overflow_statue_of_worship, first_ration,
          mrwooster_statue_mirror, xom_teletrap_fun
D:4:      minmay_temple_entry_statues, minmay_tree_intersection,
          kennysheep_generic_room_4, uniq_blork_the_orc
D:5:      nicolae_ossuary_entry_false_entrances, ashenzari_altar_1
D:6:      uniq_eustachio
D:7:      gammafunk_steamed_eel, nicolae_dithmenos_through_a_glass_darkly,
          slow_altar_1, uniq_prince_ribbit1, uniq_duvessa
D:8:      lemuel_round_altar, serial_glass, glass_columns_b, glass_columns_c,
          hangedman_pestilent_swarm, lemuel_tele_altar, uniq_harold
D:9:      david_lair_generic, serial_shops, kennysheep_mini,
          jmf_multi_god_temple2, uniq_joseph
D:10:     serial_shops, nicolae_shop_statue_plus, uniq_urug, uniq_snorg
Temple:   nicolae_temple_elliptical
Ossuary:  ossuary_tomb_2

Skill      XL: |  1  2  3  4  5  6  7  8  9 10 11 |
---------------+----------------------------------+-----
Shields        | 3 4 5 7 8 9 10 | 10.5
Axes           | 3 4 5 6 8 9 10 | 10.0
Evocations     | 4 |  4.0
Armour         | 4 6 |  6.3
Fighting       | 5 7 |  7.6

Action                   |  1- 3 |  4- 6 |  7- 9 | 10-12 || total
-------------------------+-------+-------+-------+-------++-------
Melee: War axe           |   132 |   123 |   388 |   495 ||  1138
 Abil: Spit Poison       |     7 |    20 |    26 |     5 ||    58
Evoke: Wand              |       |       |    10 |    11 ||    21
  Use: Scroll            |       |     7 |    12 |     2 ||    21
       Potion            |       |       |     2 |     4 ||     6
 Stab: Distracted        |       |       |     2 |     2 ||     4
       Paralysed         |       |       |     2 |       ||     2
       Confused          |       |       |       |     2 ||     2
  Eat: Chunk             |     1 |     5 |     1 |       ||     7
       Ration            |       |       |     4 |     5 ||     9
Armor: Scale mail        |    58 |       |    77 |    53 ||   188
       Ring mail         |     3 |    60 |    48 |       ||   111
       Plate armour      |       |       |       |    54 ||    54
Dodge: Dodged            |    31 |    27 |   101 |    34 ||   193
Block: Shield            |    95 |    86 |   191 |    39 ||   411
       Large shield      |       |       |       |   498 ||   498

Table legend:
 A = Non-vault XP
 B = Vault XP
 C = Vault XP percentage of total XP
 D = Non-vault monster count
 E = Vault monster count
 F = Vault count percentage of total count
                 A         B        C        D         E       F
            +---------+---------+-------+---------+---------+-------
      Total |    9262 |    9095 |  49.5 |     237 |      54 |  18.6
            +---------+---------+-------+---------+---------+-------
        D:1 |      46 |       0 |   0.0 |      27 |       0 |   0.0
        D:2 |      50 |       0 |   0.0 |      23 |       0 |   0.0
        D:3 |     232 |       0 |   0.0 |      25 |       0 |   0.0
        D:4 |     740 |     100 |  11.9 |      26 |       1 |   3.7
        D:5 |     346 |     202 |  36.9 |      12 |       1 |   7.7
        D:6 |     779 |       0 |   0.0 |      12 |       0 |   0.0
        D:7 |    1008 |    1604 |  61.4 |      26 |       7 |  21.2
        D:8 |    1268 |    1040 |  45.1 |      32 |       7 |  17.9
        D:9 |    1758 |    4945 |  73.8 |      20 |       8 |  28.6
       D:10 |    3035 |     827 |  21.4 |      34 |       1 |   2.9
    Ossuary |       0 |     377 | 100.0 |       0 |      29 | 100.0
            +---------+---------+-------+---------+---------+-------
